 Dungeon Sprint DCSS version 0.28-a0-71-g84acfa7270 (webtiles) character file.

Game seed: 10666072976387211582

69808 Zeldest the Black Belt (level 15, -9/92 HPs)
             Began as a Vine Stalker Transmuter on Aug 2, 2021.
             Was the Champion of Cheibriados.
             Mangled by an ironbound frostheart (22 damage)
             ... in the Dungeon (Sprint IX: "|||||||||||||||||||||||||||||").
             The game lasted 00:17:53 (1463 turns).

Zeldest the Black Belt (Vine Stalker Transmuter)    Turns: 1463, Time: 00:17:53

Health: -9/92      AC: 20    Str: 32    XL:     15   Next: 31%
Magic:  0/27       EV: 24    Int: 31    God:    Cheibriados [******]
Gold:   1486       SH:  0    Dex: 32    Spells: 15/18 levels left

rFire   . . .      SeeInvis .     - Unarmed
rCold   . . .      Faith    .   (no shield)
rNeg    . . .      Spirit   +   u - +5 scale mail "Ulesual" {Will+ Int+3}
rPois   +          Reflect  .   (helmet currently unavailable)
rElec   .          Harm     .   f - +2 cloak {rCorr}
rCorr   +          Rampage  .   o - +0 pair of gloves
Will    +++..      NoTele   +   (boots currently unavailable)
Stlth   +.........              (no amulet)
HPRegen 1.25/turn               t - ring of poison resistance
MPRegen 0.20/turn               s - ring of willpower

@: appendages (expiring), wereblooded, frozen, very slow
A: horns 2, talons 2, fangs 3, regeneration 1, magic shield, antimagic bite, no
potion heal 2
a: End Transformation, Renounce Religion, Bend Time, Temporal Distortion,
Slouch, Step From Time


You were in the Dungeon.
You worshipped Cheibriados.
Cheibriados was exalted by your worship.
You had temporarily grown beastly horns and talons.
You visited 1 branch You collected 1949 gold pieces.
You spent 463 gold pieces at shops.

Inventory:

Armour
 a - a +0 robe
 f - a +2 cloak of preservation (worn)
 g - +0 fire dragon scales
 h - a +0 cloak
 i - a +0 helmet (melded)
 j - a +0 plate armour
 n - a +0 pair of boots (melded)
 o - a +0 pair of gloves (worn)
 u - the +5 scale mail "Ulesual" (worn) {Will+ Int+3}
   (You found it in the Dungeon)

   Int:       It affects your intelligence (+3).
   Will:      It increases your willpower.
Jewellery
 k - a +3 ring of strength
 l - a +2 ring of evasion
 s - a ring of willpower (right hand)
 t - a ring of poison resistance (left hand)
Wands
 p - a wand of mindburst (13)
Scrolls
 c - a scroll of blinking
 e - 2 scrolls of amnesia
 m - a scroll of fear
 v - 4 scrolls of enchant armour
Potions
 b - 7 potions of curing
 q - a potion of mutation {unknown}
 r - a potion of lignification {unknown}


   Skills:
 + Level 16.4 Fighting
 + Level 13.9 Armour
 + Level 12.4 Dodging
 + Level 20.2 Unarmed Combat
 - Level 2.1 Spellcasting
 + Level 17.7 Transmutations
 - Level 15.3 Invocations
 + Level 9.0 Evocations


You had 15 spell levels left.
You knew the following spells:

 Your Spells              Type           Power      Damage    Failure   Level
a - Beastly Appendage     Tmut           100%       N/A       0%          1
b - Wereblood             Tmut           85%        N/A       0%          2

Your spell library contained the following spells:

 Spells                   Type           Power      Damage    Failure   Level
 Spider Form              Tmut/Pois      27%        N/A       1%          3
 Ice Form                 Ice/Tmut       55%        N/A       3%          4


Dungeon Overview and Level Annotations

Branches:
Dungeon (1/1)

Altars:
Cheibriados
Dithmenos
Elyvilon
Fedhas
Gozag
Hepliaklqana
Kikubaaqudgha
Makhleb
Nemelex Xobeh
Okawaru
Qazlal
Ru
Sif Muna
Trog
Uskayaw
Vehumet
Wu Jian
Xom
Yredelemnul
Zin
The Shining One
Beogh
Jiyva
Lugonu

Shops:
D ?(*[


Innate Abilities, Weirdness & Mutations

You have temporarily grown beastly horns and talons.
You have razor-sharp teeth.
Your natural rate of healing is unusually fast.
When hurt, damage is shared between your health and your magic reserves.
Your bite disrupts and absorbs the magic of your enemies.
Potions cannot restore your health.


Message History

The vault warden completely misses you.
You punch the vault warden!
You claw the vault warden, but do no damage.
You headbutt the vault warden! Your bite misses the vault warden.
The vault warden is moderately wounded.
You howl as the wereblood boils in your veins!
The vault warden activates a sealing rune.
A door slams shut!
The vault warden blocks your attack.
Your kick misses the vault warden. You bite the vault warden.
The vault warden's magic leaks into the air.
You drain its magic.
You feel invigorated.
The vault warden is moderately wounded.
You pummel the vault warden!! You claw the vault warden!
You headbutt the vault warden!
You feel a bit better.
You kill the vault warden!
Cheibriados appreciates the change of pace.
The runic seal fades away.
An ironbound frostheart comes into view.
Your Evocations skill increases to level 9!
The ironbound frostheart shouts!
An ironbound preserver comes into view. It is wielding a +0 dire flail.
Items here: )) [[[.
Okay, then.
Okay, then.
A vault warden comes into view. It is wielding a +0 glaive.
The ironbound preserver shouts!
The vault warden shouts!
The ironbound frostheart calls freezing cold from the walls.
The frost grips you!!!
* * * LOW HITPOINT WARNING * * *
You are encased in ice.
Okay, then.
A vault sentinel comes into view. It is wielding a +0 long sword.
The vault sentinel shouts!
You hear a shout!
The ironbound preserver mumbles some strange words.
The ironbound preserver begins to accept its allies' injuries.
The ironbound frostheart touches you.
* * * LOW HITPOINT WARNING * * *
The ironbound frostheart freezes you!!
You die...

.[[.!!....?.?')..))......)...'...
▓▓▓▓▓▓▓▓▓▓▓▓▓▓▓▓▓▓▓▓▓▓▓▓▓▓▓▓▓▓▓▓▓
................................)
♣♣♣♣♣♣▓▓▓▓▓▓▓▓▓▓▓▓▓▓▓▓▓▓▓▓▓▓▓▓▓▓▓
......†††.......))†)......'......
♣♣♣♣♣♣▓▓▓▓▓▓▓▓▓▓▓▓▓▓▓▓▓▓▓▓▓▓▓▓▓▓▓
.................................
▓▓▓▓▓▓▓▓▓▓▓▓▓▓▓▓▓▓▓▓▓▓▓▓▓▓▓▓▓▓▓▓▓
..†...†+[))..)).@p.pp..p,,,,,+,,,
▓▓▓▓▓▓▓▓▓▓▓▓▓▓▓▓▓▓▓▓▓▓▓▓*********
,,,,,,,,,,,,,,,,,,,,,,,,,,,,,,,,,
*********************************
,,,,,,,,,,,,,,,,,,,,,,,,,,,,+,,,,
*********************************
,,,,,,,,,,,,,,,,,,,,,,,,,,,,,,,,,
*********************************
,,,,,,+,,,,,,,,,,,,,+,,,,,,,,,,,,


You could see an ironbound preserver, a vault warden (sheltered), an ironbound
frostheart (sheltered) and a vault sentinel (sheltered).

Vanquished Creatures
  A royal mummy (D)
  A tengu reaver (D)
  A frost giant (D)
  2 vault wardens (D)
  2 fire giants (D)
  An emperor scorpion (D)
  2 ironbound preservers (D)
  A vampire knight (D)
  2 stone giants (D)
  2 very ugly things (D)
  An entropy weaver (D)
  A spark wasp (D)
  An eleionoma (D)
  4 ettins (D)
  2 fire dragons (D)
  2 merfolk impalers (D)
  A great orb of eyes (D)
  Josephine (D)
  An ironbound thunderhulk (D)
  An ice dragon (D)
  3 boulder beetles (D)
  3 hydras (D)
  A peacekeeper (D)
  3 ogre magi (D)
  A merfolk aquamancer (D)
  Erica (D)
  An alligator (D)
  A centaur warrior (D)
  2 anacondas (D)
  2 deep troll shamans (D)
  2 spriggans (D)
  A hell knight (D)
  A goliath frog (D)
  Sonja (D)
  A skeletal warrior (D)
  A salamander mystic (D)
  2 sea snakes (D)
  A wizard (D)
  A swamp dragon (D)
  An orc knight (D)
  2 ironbound convokers (D)
  A deep elf pyromancer (D)
  2 wolf spiders (D)
  2 necromancers (D)
  An orb spider (D)
  An orc sorcerer (D)
  4 ugly things (D)
  2 manticores (D)
  5 black mambas (D)
  A naga mage (D)
  A cane toad (D)
  A guardian serpent (D)
  A gargoyle (D)
  A kobold demonologist (D)
  An efreet (D)
  A komodo dragon (D)
  A demonic crawler (D)
  A polar bear (shapeshifter) (D)
  10 trolls (D)
  A bloated husk (D)
  A tyrant leech (D)
  4 hornets (D)
  2 merfolk (D)
  2 slime creatures (D)
  A redback (D)
  A wyvern (D)
  4 yaks (D)
  A tarantella (D)
  3 wraiths (D)
  A water elemental (D)
  Grum (D)
  Eustachio (D)
  A vampire mosquito (D)
  2 wargs (D)
  A naga (D)
  5 water moccasins (D)
  A hell hound (D)
  12 orc warriors (D)
  An ogre (D)
  A centaur (D)
  10 wolves (D)
  5 bullfrogs (D)
  4 orc priests (D)
  An iguana (D)
  4 orc wizards (D)
  An adder (D)
  An adder zombie (D)
  A dart slug (D)
  4 orcs (D)
  An endoplasm (D)
  A goblin (D)
  A hobgoblin (D)
  A quokka (D)
  A bat (D)
182 creatures vanquished.

Notes
Turn   | Place    | Note
-------+----------+-------------------------------------------
     0 | D        | Zeldest the Vine Stalker Transmuter began the quest for the
                  | Orb.
     0 | D        | Reached XP level 1. HP: 9/9 MP: 4/4
     9 | D        | Reached skill level 4 in Unarmed Combat
    20 | D        | Noticed an ogre
    20 | D        | Noticed a water moccasin
    20 | D        | Noticed an iguana
    23 | D        | Reached skill level 5 in Unarmed Combat
    23 | D        | Reached XP level 2. HP: 14/14 MP: 4/6
    26 | D        | Killed an ogre
    27 | D        | Reached skill level 9 in Unarmed Combat
    27 | D        | Reached XP level 3. HP: 12/17 MP: 2/7
    27 | D        | Gained mutation: Your natural rate of healing is unusually
                  | fast. [Vine Stalker growth]
    27 | D        | Reached XP level 4. HP: 15/21 MP: 2/8
    28 | D        | Killed a water moccasin
    29 | D        | Reached skill level 11 in Unarmed Combat
    29 | D        | Reached XP level 5. HP: 19/25 MP: 2/9
    31 | D        | Reached skill level 1 in Fighting
    31 | D        | Reached XP level 6. HP: 25/30 MP: 2/10
    37 | D        | Found a snail-covered altar of Cheibriados.
    37 | D        | Found a shadowy altar of Dithmenos.
    37 | D        | Found a white marble altar of Elyvilon.
    37 | D        | Found a blossoming altar of Fedhas.
    37 | D        | Found an opulent altar of Gozag.
    38 | D        | Found a hazy altar of Hepliaklqana.
    39 | D        | Found a viscous altar of Jiyva.
    40 | D        | Found an ancient bone altar of Kikubaaqudgha.
    41 | D        | Became a worshipper of Cheibriados the Contemplative
    42 | D        | Found a corrupted altar of Lugonu.
    43 | D        | Found a burning altar of Makhleb.
    44 | D        | Found a sparkling altar of Nemelex Xobeh.
    45 | D        | Found an iron altar of Okawaru.
    46 | D        | Found a stormy altar of Qazlal.
    47 | D        | Found a sacrificial altar of Ru.
    48 | D        | Found a shimmering blue altar of Sif Muna.
    49 | D        | Found a bloodstained altar of Trog.
    50 | D        | Found a hide-covered altar of Uskayaw.
    51 | D        | Found a radiant altar of Vehumet.
    52 | D        | Found an ornate altar of the Wu Jian Council.
    53 | D        | Found a shimmering altar of Xom.
    54 | D        | Found a basalt altar of Yredelemnul.
    55 | D        | Found a glowing silver altar of Zin.
    56 | D        | Found a glowing golden altar of the Shining One.
    90 | D        | Learned a level 2 spell: Wereblood
   106 | D        | Noticed a yak
   106 | D        | Noticed a hornet
   106 | D        | Noticed a kobold demonologist
   106 | D        | Noticed a wyvern
   113 | D        | Killed a yak
   114 | D        | Reached skill level 12 in Unarmed Combat
   119 | D        | Paralysed by a hornet for 1 turns
   125 | D        | Killed a hornet
   125 | D        | Reached * piety under Cheibriados
   126 | D        | Reached skill level 5 in Transmutations
   126 | D        | Reached XP level 7. HP: 9/38 MP: 5/11
   126 | D        | Noticed a ynoxinul
   127 | D        | Noticed a ynoxinul
   127 | D        | Killed a kobold demonologist
   127 | D        | Reached ** piety under Cheibriados
   127 | D        | Killed a wyvern
   128 | D        | Reached skill level 5 in Fighting
   128 | D        | Reached skill level 5 in Dodging
   128 | D        | Reached skill level 5 in Invocations
   128 | D        | Gained mutation: You have razor-sharp teeth. [Vine Stalker
                  | growth]
   128 | D        | Reached XP level 8. HP: 10/44 MP: 5/13
   134 | D        | Reached *** piety under Cheibriados
   160 | D        | Noticed an efreet
   160 | D        | Noticed a troll
   160 | D        | Noticed a gargoyle
   160 | D        | Noticed a deep elf pyromancer
   162 | D        | Killed a troll
   163 | D        | Reached skill level 13 in Unarmed Combat
   164 | D        | Killed an efreet
   164 | D        | Reached **** piety under Cheibriados
   164 | D        | Killed a gargoyle
   165 | D        | Reached XP level 9. HP: 40/49 MP: 11/15
   167 | D        | Reached ***** piety under Cheibriados
   170 | D        | Killed a deep elf pyromancer
   273 | D        | Noticed a komodo dragon
   275 | D        | Noticed a cane toad
   279 | D        | Noticed a black mamba
   287 | D        | Killed a komodo dragon
   288 | D        | Reached skill level 1 in Armour
   288 | D        | Reached skill level 14 in Unarmed Combat
   292 | D        | Reached ****** piety under Cheibriados
   295 | D        | Killed a cane toad
   296 | D        | Reached XP level 10. HP: 39/56 MP: 17/17
   302 | D        | Killed a black mamba
   313 | D        | Noticed a black mamba
   320 | D        | Killed a black mamba
   321 | D        | Reached skill level 10 in Transmutations
   352 | D        | Reached skill level 10 in Invocations
   411 | D        | Noticed Sonja
   412 | D        | Killed Sonja
   413 | D        | Reached skill level 5 in Armour
   413 | D        | Reached skill level 15 in Unarmed Combat
   426 | D        | Noticed Grum
   432 | D        | Killed Grum
   433 | D        | Reached XP level 11. HP: 63/63 MP: 15/19
   490 | D        | Noticed an orc sorcerer
   504 | D        | Killed an orc sorcerer
   505 | D        | Reached skill level 10 in Fighting
   550 | D        | Noticed an orc knight
   562 | D        | Killed an orc knight
   606 | D        | Found Jappukke's Magic Scroll Emporium.
   606 | D        | Noticed an ogre mage
   606 | D        | Noticed an ettin
   611 | D        | Noticed an ogre mage
   614 | D        | Killed an ogre mage
   615 | D        | Found Qegg's Antique Weapon Shoppe.
   615 | D        | Noticed an ogre mage
   618 | D        | Killed an ettin
   639 | D        | Killed an ogre mage
   640 | D        | Reached skill level 16 in Unarmed Combat
   641 | D        | Killed an ogre mage
   682 | D        | Found Gympeto's Assorted Antiques.
   686 | D        | Found Soaxohad's Antique Armour Shoppe.
   694 | D        | Reached XP level 12. HP: 70/70 MP: 20/22
   719 | D        | Bought a scroll of blinking for 187 gold pieces
   723 | D        | Bought a scroll of magic mapping for 45 gold pieces
   728 | D        | Bought an embroidered cloak for 187 gold pieces
   728 | D        | Bought a smoky amethyst potion for 22 gold pieces
   728 | D        | Bought a yellow potion for 22 gold pieces
   761 | D        | Noticed Eustachio
   766 | D        | Killed Eustachio
   801 | D        | Noticed Erica
   806 | D        | Killed Erica
   853 | D        | Found the +3 salamander hide armour {Flames rF++ rC--}
   862 | D        | Got the +5 scale mail "Ulesual" {Will+ Int+3}
   890 | D        | Noticed a boulder beetle
   890 | D        | Noticed a four-headed hydra
   895 | D        | Killed a boulder beetle
   911 | D        | Killed a four-headed hydra
   913 | D        | Noticed a seven-headed hydra
   916 | D        | Noticed a fire giant
   920 | D        | Killed a seven-headed hydra
   924 | D        | Noticed a spark wasp
   926 | D        | Killed a fire giant
   932 | D        | Killed a spark wasp
   933 | D        | Reached skill level 17 in Unarmed Combat
   936 | D        | Noticed an ettin
   940 | D        | Noticed a deep troll shaman
   942 | D        | Killed an ettin
   986 | D        | Noticed Josephine
   990 | D        | Killed Josephine
   991 | D        | Reached skill level 10 in Armour
   991 | D        | Reached XP level 13. HP: 75/77 MP: 24/24
  1068 | D        | Noticed a merfolk impaler
  1069 | D        | Noticed a merfolk impaler
  1079 | D        | Killed a merfolk impaler
  1094 | D        | Killed a merfolk impaler
  1114 | D        | Noticed an eleionoma
  1118 | D        | Killed an eleionoma
  1142 | D        | Reached skill level 18 in Unarmed Combat
  1146 | D        | Reached skill level 15 in Transmutations
  1175 | D        | Noticed an entropy weaver
  1175 | D        | Noticed an emperor scorpion
  1179 | D        | Killed an entropy weaver
  1191 | D        | Killed an emperor scorpion
  1192 | D        | Reached skill level 15 in Invocations
  1224 | D        | Reached XP level 14. HP: 61/84 MP: 20/26
  1229 | D        | Reached skill level 1 in Evocations
  1343 | D        | Noticed a fire giant
  1347 | D        | Noticed a vampire knight
  1351 | D        | Noticed a stone giant
  1352 | D        | Killed a fire giant
  1353 | D        | Reached skill level 10 in Dodging
  1357 | D        | Noticed a brown very ugly thing
  1357 | D        | Noticed a tengu reaver
  1359 | D        | Noticed a frost giant
  1361 | D        | Killed a vampire knight
  1363 | D        | Killed a stone giant
  1365 | D        | Killed a brown very ugly thing
  1366 | D        | Reached skill level 15 in Fighting
  1366 | D        | Reached skill level 19 in Unarmed Combat
  1370 | D        | Killed a tengu reaver
  1371 | D        | Reached skill level 5 in Evocations
  1371 | D        | Noticed a stone giant
  1372 | D        | Killed a frost giant
  1376 | D        | Killed a stone giant
  1411 | D        | Noticed an ironbound preserver
  1411 | D        | Noticed an ironbound preserver
  1419 | D        | Killed an ironbound preserver
  1423 | D        | Killed an ironbound preserver
  1428 | D        | Noticed a red very ugly thing
  1431 | D        | Noticed a vault warden
  1431 | D        | Noticed a royal mummy
  1436 | D        | Killed a red very ugly thing
  1437 | D        | Reached XP level 15. HP: 40/91 MP: 5/27
  1440 | D        | Killed a royal mummy
  1441 | D        | Reached skill level 20 in Unarmed Combat
  1443 | D        | Killed a vault warden
  1451 | D        | Noticed a vault warden
  1460 | D        | Killed a vault warden
  1462 | D        | Noticed a vault warden
  1463 | D        | Mangled by an ironbound frostheart

Illustrated notes

Levels and vault maps discovered:
D:        linesprint [early_d, line_temple, items_1, d_10, items_2, lair_1,
          lair_end, items_3, orc_1, orc_end, items_4, d_15, swamp_1, shoals_1,
          snake_1, spider_1, d_20, vaults_1, items_5, swamp_end, shoals_end,
          snake_end, spider_end, vaults_end, d_27, items_6, zot_1, zot_end,
          crypt_end, forest_end, elf_end, slime_end, tomb_end, abyss_end,
          pan_hell_end]

Skill      XL: |  1  2  3  4  5  6  7  8  9 10 11 12 13 14 15 |
---------------+----------------------------------------------+-----
Unarmed Combat | 5 9 11 12 13 14 15 16 17 18 19 20 | 20.2
Fighting       | 1 4 5 6 8 9 11 13 14 15 16 | 16.4
Dodging        | 2 4 5 6 7 9 11 12 | 12.4
Transmutations | 5 6 7 9 10 12 14 15 17 | 17.7
Invocations    | 4 5 7 8 10 12 13 15 | 15.3
Armour         | 2 5 7 10 11 13 | 13.9
Evocations     | 7 9 |  9.0
Spellcasting   | |  2.1

Action                   |  1- 3 |  4- 6 |  7- 9 | 10-12 | 13-15 || total
-------------------------+-------+-------+-------+-------+-------++-------
Melee: Unarmed           |    11 |    17 |    27 |   155 |   157 ||   367
       Kick              |     5 |     4 |    10 |    85 |    90 ||   194
       Bite              |     3 |     7 |    16 |    75 |    78 ||   179
       Headbutt          |       |     3 |     4 |    50 |    46 ||   103
       Punch             |       |     2 |     2 |    15 |    28 ||    47
 Cast: Beastly Appendage |     2 |     1 |     2 |    11 |     7 ||    23
       Wereblood         |       |     1 |     2 |     7 |     5 ||    15
Invok: Slouch            |       |       |       |     4 |     9 ||    13
       Step From Time    |       |       |       |     1 |       ||     1
       Temporal Distorti |       |       |       |       |     2 ||     2
 Abil: End Transformatio |       |       |       |     1 |       ||     1
Evoke: Wand              |       |     4 |     6 |       |     2 ||    12
  Use: Potion            |     2 |       |     1 |     4 |     2 ||     9
       Scroll            |       |     1 |       |     3 |       ||     4
 Stab: Invisible         |       |       |       |     5 |       ||     5
Armor: Robe              |     1 |       |       |       |       ||     1
       Plate armour      |       |     6 |     9 |    41 |       ||    56
       Scale mail        |       |       |       |    11 |    46 ||    57
Dodge: Dodged            |     2 |     6 |    10 |   108 |   127 ||   253

Table legend: (Time is in decaauts)
 A = Elapsed time spent in this place.
 B = Non-inter-level travel time spent in this place.
 C = Inter-level travel time spent in this place.
 D = Time resting spent in this place.
 E = Time spent auto-exploring this place.
 F = Levels seen in this place.
 G = Mean time per level.
                   A        B        C        D        E       F      G
               +--------+--------+--------+--------+--------+-----+--------+
         Total |   2163 |   2163 |      0 |      0 |      0 |   1 | 2163.0 |
       Dungeon |   2163 |   2163 |      0 |      0 |      0 |   1 | 2163.0 |
               +--------+--------+--------+--------+--------+-----+--------+

Top non-repeatable levels by time:
       D: 2163 daAuts
